[Event "Titled Tuesday Blitz October 25 Late 2022"]
[White "Vlassov, Nikolai"]
[Black "Marcolino, Daniel Mattos"]
[WhiteFideId "4103360"]
[BlackFideId "2106841"]
[WhiteElo "2324"]
[BlackElo "2102"]
[Result "1-0"]
[Round "06"]
[TimeControl "180+1"]
[Date "2022.10.26"]
[WhiteClock "0:02:47"]
[BlackClock "0:01:36"]

1. e4 c5 2. c3 Nf6 3. e5 Nd5 4. d4 cxd4 5. cxd4 e6 6. Nc3 Nxc3 7. bxc3 Qc7 8. Bd2 d6 9. f4 Be7 10. Nf3 O-O 11. Bd3 b6 12. h4 Bb7 13. Bxh7+ Kxh7 14. Ng5+ Bxg5 15. hxg5+ Kg6 16. Qh5+ Kf5 17. Qh7+ g6 18. Qh3+ 1-0


[Site "https://www.chess.com"]

[Event "Titled Tuesday Blitz October 25 Late 2022"]
[White "Weisz, Bryan"]
[Black "Tan, Ralph"]
[WhiteFideId "30934133"]
[BlackFideId "30966590"]
[WhiteElo "2249"]
[BlackElo "2059"]
[Result "1-0"]
[Round "06"]
[TimeControl "180+1"]
[Date "2022.10.26"]
[WhiteClock "0:01:23"]
[BlackClock "0:00:09"]

1. Nf3 Nf6 2. e4 Nxe4 3. Nc3 Nf6 4. d4 d5 5. Ne5 g6 6. h4 h5 7. Bg5 Bg7 8. Bd3 a6 9. Qf3 c5 10. dxc5 Nbd7 11. Nxg6 fxg6 12. Bxg6+ Kf8 13. Qf4 Nxc5 14. O-O-O Ne6 15. Qf3 Bd7 16. Nxd5 Nxg5 17. hxg5 Qa5 18. gxf6 Bxf6 19. Nxf6 Qg5+ 20. Kb1 Qxf6 21. Qxf6+ exf6 22. Rxd7 Rg8 23. Rf7+ Ke8 24. Rg7+ Kd8 25. Rxg8+ 1-0


[Site "https://www.chess.com"]

[Event "Titled Tuesday Blitz October 25 Late 2022"]
[White "Yeletsky, Ivan"]
[Black "Averjanov, Alexey"]
[WhiteFideId "24180327"]
[BlackFideId "14109867"]
[WhiteElo "2391"]
[BlackElo "2680"]
[Result "1-0"]
[Round "06"]
[TimeControl "180+1"]
[Date "2022.10.26"]
[WhiteClock "0:00:13"]
[BlackClock "0:00:04"]

1. c4 c5 2. Nf3 Nc6 3. d4 cxd4 4. Nxd4 Nf6 5. g3 g6 6. Bg2 Bg7 7. O-O Nxd4 8. Qxd4 d6 9. Nc3 O-O 10. b3 Ne4 11. Qxe4 Bxc3 12. Bh6 Bg7 13. Bxg7 Kxg7 14. Rfd1 Qc7 15. Rac1 Kg8 16. b4 Bf5 17. Qd4 Rfd8 18. h4 h5 19. b5 Qb6 20. a4 Qxd4 21. Rxd4 Rab8 22. c5 Rdc8 23. c6 bxc6 24. Rxc6 Bd7 25. Ra6 Rc7 26. Bf3 Rb6 27. Ra5 Kf8 28. Kg2 Ke8 29. Bd5 e6 30. Rc4 Rxc4 31. Bxc4 Rb7 32. Ra6 d5 33. Bd3 Kd8 34. e4 dxe4 35. Bxe4 Rc7 36. Kf3 Ke7 37. Ke3 Bc8 38. Rc6 Rxc6 39. Bxc6 Kd6 40. a5 Kc5 41. Be8 e5 42. Ke4 f6 43. Bxg6 Kxb5 44. Bxh5 Kxa5 45. Be8 Kb6 46. h5 Be6 47. h6 Bg8 48. Kf5 Bh7+ 49. Kxf6 a5 50. Kxe5 Kc5 51. Kf6 Kb4 52. g4 Bd3 53. g5 a4 54. Bxa4 Kxa4 55. g6 Bxg6 56. Kxg6 1-0


[Site "https://www.chess.com"]

[Event "Titled Tuesday Blitz October 25 Late 2022"]
[White "Yoo, Christopher Woojin"]
[Black "Martinez Alcantara, Jose Eduardo"]
[WhiteFideId "30909694"]
[BlackFideId "3805662"]
[WhiteElo "2463"]
[BlackElo "2703"]
[Result "0-1"]
[Round "06"]
[TimeControl "180+1"]
[Date "2022.10.26"]
[WhiteClock "0:00:01"]
[BlackClock "0:00:05"]

1. d4 Nf6 2. c3 e6 3. Nf3 b6 4. Bf4 Bb7 5. Nbd2 Be7 6. e3 O-O 7. Bd3 c5 8. O-O cxd4 9. cxd4 d6 10. Qe2 a6 11. e4 Nc6 12. Rac1 b5 13. Rfd1 Rc8 14. e5 dxe5 15. dxe5 Nd5 16. Bg3 Qa5 17. a3 Qb6 18. Ne4 Rcd8 19. Nfg5 h6 20. Qh5 Nd4 21. Nf3 Nf5 22. Qg4 Kh8 23. Nh4 Nxg3 24. Qxg3 Bxh4 25. Qxh4 Ne3 26. fxe3 Qxe3+ 27. Qf2 Rxd3 28. Nc5 Rxd1+ 29. Rxd1 Qxf2+ 30. Kxf2 Bd5 31. Nxa6 Rc8 32. Nb4 Be4 33. Rd4 Bf5 34. g4 Bg6 35. h4 h5 36. gxh5 Bxh5 37. Ke3 Kh7 38. Nd3 Bg6 39. Rb4 Bxd3 40. Kxd3 Rc5 41. Kd4 Rd5+ 42. Ke4 f6 43. exf6 gxf6 44. a4 bxa4 45. Rxa4 Kg6 46. Rc4 Rh5 47. Kf3 Rb5 48. b4 e5 49. Ke3 Kf5 50. Kd3 Rb8 51. Kc3 e4 52. h5 Rd8 53. b5 e3 54. Rc7 Ke6 0-1


[Site "https://www.chess.com"]

[Event "Titled Tuesday Blitz October 25 Late 2022"]
[White "Yurovskykh, Oleksandr"]
[Black "Mikhalsky, Vladimir"]
[WhiteFideId "14134020"]
[BlackFideId "14144352"]
[WhiteElo "2303"]
[BlackElo "2271"]
[Result "1-0"]
[Round "06"]
[TimeControl "180+1"]
[Date "2022.10.26"]
[WhiteClock "0:00:06"]
[BlackClock "0:00:01"]

1. d4 Nf6 2. Nf3 g6 3. Bg5 Bg7 4. Nbd2 O-O 5. c3 d6 6. e4 h6 7. Bh4 c5 8. d5 b5 9. Bxb5 Qb6 10. Qb3 g5 11. Bg3 Nh5 12. Bd3 Qc7 13. Nc4 Nd7 14. O-O Rb8 15. Qc2 Nxg3 16. hxg3 Ba6 17. Nfd2 Nb6 18. Rab1 Nxc4 19. Bxc4 Bc8 20. Rfe1 Qa5 21. a3 Bd7 22. Bd3 Ba4 23. Qc1 Bb3 24. Nxb3 Rxb3 25. Bc4 Rb7 26. Qc2 Rfb8 27. a4 Be5 28. Rec1 Kg7 29. b3 Bf6 30. f4 Rh8 31. Qd3 Qc7 32. Re1 h5 33. Re2 h4 34. Rbe1 Kf8 35. e5 Bg7 36. e6 hxg3 37. Qf5 Bf6 38. fxg5 Rh5 39. exf7 Rxg5 40. Qh7 Rg7 41. Qh5 Rxf7 42. Re3 Rg7 43. Rf3 Qd8 44. Re4 Kg8 45. Rg4 Qf8 46. Rfxg3 Be5 47. Rxg7+ Bxg7 48. Bd3 Qf6 49. Bh7+ Kf8 50. Rf3 Rxb3 51. Rxf6+ Bxf6 52. Bf5 Rxc3 53. Be6 Rc1+ 54. Kf2 Bd4+ 55. Ke2 Rc2+ 56. Kd3 Rf2 57. Qh6+ Bg7 58. Qh3 Rf4 59. Qg3 Rf6 60. Qg4 Rf2 61. Kc4 Rc2+ 62. Kb5 Rb2+ 63. Kc6 c4 64. Qf4+ Bf6 65. Qh6+ Bg7 66. Qh7 Rb6+ 67. Kc7 1-0


[Site "https://www.chess.com"]

[Event "Titled Tuesday Blitz October 25 Late 2022"]
[White "Zakaryan, David"]
[Black "Petrova, Irina"]
[WhiteFideId "24101923"]
[BlackFideId "14124122"]
[WhiteElo "2409"]
[BlackElo "2023"]
[Result "1-0"]
[Round "06"]
[TimeControl "180+1"]
[Date "2022.10.26"]
[WhiteClock "0:01:28"]
[BlackClock "0:01:39"]

1. e4 d6 2. d4 Nf6 3. Nc3 e5 4. Nge2 Nc6 5. h3 exd4 6. Nxd4 Be7 7. g3 O-O 8. Bg2 Bd7 9. Nde2 Re8 10. O-O Bf8 11. g4 h6 12. Ng3 a5 13. b3 g6 14. Be3 Bg7 15. Qd2 Kh7 16. Rad1 Qe7 17. f4 Rad8 18. Bf2 h5 19. g5 Ng8 20. Rfe1 Rc8 21. Nd5 Qd8 22. c4 b6 23. a3 Nce7 24. Nxh5 Nxd5 25. Nxg7 Kxg7 26. cxd5 Ne7 27. Bd4+ Kg8 28. Bf6 c5 29. Qf2 1-0


[Site "https://www.chess.com"]

[Event "Titled Tuesday Blitz October 25 Late 2022"]
[White "chess50years"]
[Black "Varriale, Luca"]
[BlackFideId "882461"]
[WhiteElo "1516"]
[BlackElo "2245"]
[Result "0-1"]
[Round "06"]
[TimeControl "180+1"]
[Date "2022.10.26"]
[WhiteClock "0:00:01"]
[BlackClock "0:00:11"]

1. d4 Nf6 2. c4 c5 3. e3 g6 4. Nf3 Bg7 5. Nc3 O-O 6. d5 d6 7. h3 a6 8. a4 b6 9. Bd3 Nbd7 10. O-O e6 11. e4 e5 12. Nh2 Ne8 13. g4 Nef6 14. Bg5 Qe8 15. Qd2 h5 16. f3 Rb8 17. Kg2 Kh7 18. a5 Rg8 19. axb6 Rxb6 20. Rf2 Qf8 21. Nf1 Bh6 22. Bxh6 Qxh6 23. Qxh6+ Kxh6 24. Ne3 Rh8 25. Ra2 Kg5 26. Kg3 h4+ 27. Kg2 Kf4 28. Re2 Nh7 29. Nf1 Nb8 30. Rd2 f5 31. Ne2+ Kg5 32. exf5 gxf5 33. gxf5 Bxf5 34. Bxf5 Kxf5 35. Ne3+ Kg5 36. Nc3 Rg8 37. Ng4 Nf6 38. Ne4+ Nxe4 39. fxe4 Rf8 40. Rf2 Rxf2+ 41. Kxf2 Rb4 42. b3 Rxb3 43. Kg2 Rg3+ 44. Kh2 Kf4 0-1


[Site "https://www.chess.com"]

[Event "Titled Tuesday Blitz October 25 Late 2022"]
[White "Aldokhin, Ivan"]
[Black "Gritsenko, Nikolai"]
[WhiteFideId "24115720"]
[BlackFideId "14112493"]
[WhiteElo "2313"]
[BlackElo "2389"]
[Result "1-0"]
[Round "07"]
[TimeControl "180+1"]
[Date "2022.10.26"]
[WhiteClock "0:00:44"]
[BlackClock "0:01:15"]

1. e4 c5 2. Nf3 Nf6 3. d4 Nxe4 4. d5 d6 5. Bd3 Nf6 6. h3 g6 7. O-O Bg7 8. Bg5 O-O 9. Nc3 a6 10. a4 Nbd7 11. Re1 Re8 12. Qd2 Nf8 13. Bh6 Bh8 14. Re2 Bd7 15. a5 Rb8 16. Bg5 Rc8 17. Bc4 Rb8 18. b3 Bf5 19. Nh4 Ne4 20. Nxe4 Bxa1 21. Nxf5 gxf5 22. Ng3 Ng6 23. Nxf5 Bf6 24. Bxf6 exf6 25. Qh6 1-0


[Site "https://www.chess.com"]

[Event "Titled Tuesday Blitz October 25 Late 2022"]
[White "Ali Abdullahi, Farah"]
[Black "Szente Varga, Fruzsina"]
[WhiteFideId "16100212"]
[BlackFideId "712264"]
[WhiteElo "2228"]
[BlackElo "1994"]
[Result "1-0"]
[Round "07"]
[TimeControl "180+1"]
[Date "2022.10.26"]
[WhiteClock "0:00:36"]
[BlackClock "0:00:05"]

1. b3 Nf6 2. Bb2 g6 3. e3 Bg7 4. Nf3 O-O 5. d4 d5 6. Be2 c6 7. O-O Bg4 8. c4 Bxf3 9. Bxf3 e6 10. Nd2 Nbd7 11. Qc2 Rc8 12. e4 dxe4 13. Nxe4 Nxe4 14. Qxe4 Nf6 15. Qe3 h5 16. h3 Kh7 17. Rad1 Bh6 18. Qe2 Bg7 19. Rfe1 Qa5 20. Ba1 b5 21. Qc2 bxc4 22. bxc4 c5 23. d5 exd5 24. cxd5 Kg8 25. Bc3 Qa6 26. Qb2 Rb8 27. Qa1 Rfe8 28. d6 Rxe1+ 29. Rxe1 Qxd6 30. Be5 Qb6 31. Bxb8 Qxb8 32. Qe5 Qb4 33. Rc1 c4 34. Qc3 Qa4 35. Qxc4 Qa5 36. a4 Qd2 37. Qc2 Qd4 38. Qc4 Qd2 39. Rd1 Qa5 40. Qb5 Qc3 41. Qb8+ Kh7 42. Qxa7 Qc2 43. Qe3 Qxa4 44. Qd3 Qa5 45. Qb1 Qe5 46. Qa1 Qf5 47. Qa2 Qf4 48. Qxf7 Qe5 49. Qa2 Qf4 50. Qd2 Qe5 51. Qd6 Qf5 52. Qd8 Qf4 53. Rb1 Qf5 54. Rb7 g5 55. Qc7 Qg6 56. Qf7 Qxf7 57. Rxf7 Kg6 58. Ra7 g4 59. hxg4 hxg4 60. Be2 Bh6 61. Ra6 Bg5 62. Bxg4 Kf7 63. Bf5 Ke7 64. Re6+ Kf7 65. g3 Kg7 66. f4 Bh6 67. Kg2 Nh5 68. Rg6+ 1-0


[Site "https://www.chess.com"]

[Event "Titled Tuesday Blitz October 25 Late 2022"]
[White "Almedina Ortiz, Edgardo J."]
[Black "Fernandez Siles, Luis"]
[WhiteFideId "3100197"]
[BlackFideId "2209420"]
[WhiteElo "2217"]
[BlackElo "2186"]
[Result "0-1"]
[Round "07"]
[TimeControl "180+1"]
[Date "2022.10.26"]
[WhiteClock "0:00:08"]
[BlackClock "0:01:04"]

1. e4 c5 2. Nf3 Nc6 3. d4 cxd4 4. Nxd4 Nf6 5. Nc3 e5 6. Ndb5 d6 7. Bg5 a6 8. Na3 b5 9. Nd5 Be7 10. Bxf6 Bxf6 11. c3 O-O 12. Nc2 Rb8 13. a4 bxa4 14. Ncb4 Nxb4 15. cxb4 Bb7 16. Rxa4 Qd7 17. Ra3 Bxd5 18. Qxd5 Rxb4 19. b3 Rd4 20. Qa5 Rxe4+ 21. Be2 Qg4 22. Ra2 Qxg2 23. Rf1 Qf3 24. Qxa6 Qxb3 25. Rd2 Bg5 26. f4 Bh4+ 27. Rf2 Qe3 28. Kd1 Bxf2 29. Qxd6 Qb3+ 30. Kc1 Be3 31. Bd1 Rc4+ 32. Bc2 Qxc2# 0-1


[Site "https://www.chess.com"]

[Event "Titled Tuesday Blitz October 25 Late 2022"]
[White "Ansh M Shah"]
[Black "Culum, Sanjin"]
[WhiteFideId "25033379"]
[BlackFideId "14420937"]
[WhiteElo "2084"]
[BlackElo "2180"]
[Result "1-0"]
[Round "07"]
[TimeControl "180+1"]
[Date "2022.10.26"]
[WhiteClock "0:00:17"]
[BlackClock "0:00:05"]

1. d4 d5 2. c4 c6 3. cxd5 cxd5 4. Nc3 Nf6 5. Bf4 Nc6 6. e3 a6 7. Nf3 Bf5 8. Rc1 e6 9. Qb3 Na5 10. Qa4+ Nd7 11. Ne5 Nc4 12. Bxc4 dxc4 13. Qxc4 Nxe5 14. Bxe5 f6 15. Bg3 Rc8 16. Qb3 Qd7 17. O-O Be7 18. h3 O-O 19. Na4 Rxc1 20. Rxc1 Rc8 21. Rxc8+ Qxc8 22. Qc3 Qxc3 23. Nxc3 Bb4 24. Ne2 g5 25. a3 Bd2 26. Bd6 Bd3 27. Kf1 a5 28. Bc7 a4 29. Bd6 Bc1 30. Ke1 Bxb2 31. Kd2 Bxe2 32. Kxe2 Bc3 33. Kd3 Ba5 34. Kc4 Be1 35. f3 Bf2 36. e4 Kf7 37. d5 exd5+ 38. exd5 Ke8 39. Kb5 Kd7 40. Bb4 f5 41. Kxa4 h6 42. Kb5 h5 43. Bc5 Be1 44. Kb6 Bc3 45. Kxb7 g4 46. a4 f4 47. hxg4 hxg4 48. fxg4 1-0


[Site "https://www.chess.com"]

[Event "Titled Tuesday Blitz October 25 Late 2022"]
[White "Ardila, Oscar Humberto"]
[Black "Polster, Christian"]
[WhiteFideId "4404742"]
[BlackFideId "12965081"]
[WhiteElo "1898"]
[BlackElo "2209"]
[Result "1-0"]
[Round "07"]
[TimeControl "180+1"]
[Date "2022.10.26"]
[WhiteClock "0:00:16"]
[BlackClock "0:00:01"]

1. d4 f5 2. c4 Nf6 3. Nc3 g6 4. Nf3 Bg7 5. g3 O-O 6. Bg2 d6 7. d5 c6 8. O-O Qe8 9. Nd4 e5 10. dxe6 Bxe6 11. Bf4 Bxc4 12. Bxd6 Rf7 13. Qd2 Rd7 14. Bxb8 Rxb8 15. Qe3 Qxe3 16. fxe3 Re8 17. Nd1 Bd5 18. Bf3 Ng4 19. Bxg4 fxg4 20. Rf4 h5 21. Rc1 Bh6 22. Rf6 Kg7 23. Rf4 Bxf4 24. gxf4 h4 25. Kf2 Kf6 26. Nc3 Rh7 27. Rg1 Be6 28. e4 Bc8 29. e5+ Kg7 30. e4 Rf8 31. Ke3 c5 32. Ndb5 b6 33. Nxa7 g3 34. hxg3 h3 35. Nxc8 Rxc8 36. Rh1 Ra8 37. Rh2 b5 38. a3 b4 39. axb4 cxb4 40. Nd5 Ra1 41. f5 gxf5 42. exf5 Re1+ 43. Kf4 Rf1+ 44. Kg5 Rg1 45. f6+ Kf7 46. Nf4 Rxg3+ 47. Kf5 Rh5+ 48. Nxh5 Rf3+ 49. Ke4 Rf5 50. Kxf5 1-0


[Site "https://www.chess.com"]

[Event "Titled Tuesday Blitz October 25 Late 2022"]
[White "Arnold, Ken"]
[Black "Halak, Miklos"]
[WhiteFideId "2056836"]
[BlackFideId "726400"]
[WhiteElo "2301"]
[BlackElo "2197"]
[Result "1/2-1/2"]
[Round "07"]
[TimeControl "180+1"]
[Date "2022.10.26"]
[WhiteClock "0:00:30"]
[BlackClock "0:00:29"]

1. d4 g6 2. c4 Bg7 3. Nf3 d6 4. Nc3 a6 5. e4 Nd7 6. Be3 c5 7. Be2 cxd4 8. Nxd4 Ngf6 9. O-O Nc5 10. f3 O-O 11. Qd2 Be6 12. Nd5 Rc8 13. Rac1 Nfd7 14. b4 Na4 15. Bd1 Nab6 16. Bb3 Bxd5 17. cxd5 Rxc1 18. Rxc1 Qb8 19. a4 Rc8 20. a5 Rxc1+ 21. Qxc1 Na8 22. Ba4 Ne5 23. Qc2 Qc7 24. Kf2 Qxc2+ 25. Nxc2 Nc7 26. Bb6 Nb5 27. Bxb5 axb5 28. Ke2 Nc4 29. Bd4 Bh6 30. Kd3 Kf8 31. Bc3 Ke8 32. Nd4 Na3 33. Bb2 Nc4 34. Bc3 Na3 35. h4 Bg7 36. Nxb5 Nxb5 37. Bxg7 f6 38. Bh6 Kd7 39. Be3 e6 40. Bb6 exd5 41. exd5 Na3 42. g4 f5 43. h5 fxg4 44. hxg6 hxg6 45. fxg4 Nb5 46. Kc4 Na3+ 47. Kb3 Nb5 48. Kc4 Na3+ 49. Kb3 Nb5 50. Be3 Nc7 51. Kc4 Ne8 52. Bd4 Nc7 53. b5 Ne8 54. a6 bxa6 55. bxa6 Kc7 56. Kb5 g5 57. Bb6+ Kb8 58. Kc6 Nf6 59. Kxd6 Nxg4 60. Kc6 Nf6 61. d6 g4 62. d7 Nxd7 63. Kxd7 g3 64. a7+ Ka8 65. Bg1 g2 66. Ke6 Kb7 67. Kf5 Ka8 68. Kg4 Kb7 69. Kh3 Ka8 70. Kxg2 Kb7 71. Kf1 Ka8 72. Ke1 Kb7 73. Kd1 Ka8 74. Kc1 Kb7 75. Kb1 Ka8 76. Ka1 Kb7 77. Ka2 Ka8 78. Ka3 Kb7 79. Ka4 Ka8 80. Ka5 Kb7 81. Kb5 Ka8 82. Ka6 1/2-1/2


[Site "https://www.chess.com"]

[Event "Titled Tuesday Blitz October 25 Late 2022"]
[White "Averjanov, Alexey"]
[Black "Barria Zuniga, Daniel"]
[WhiteFideId "14109867"]
[BlackFideId "3400816"]
[WhiteElo "2676"]
[BlackElo "2414"]
[Result "1/2-1/2"]
[Round "07"]
[TimeControl "180+1"]
[Date "2022.10.26"]
[WhiteClock "0:00:53"]
[BlackClock "0:00:56"]

1. d4 g6 2. Nf3 Bg7 3. c4 c5 4. e3 Nf6 5. Nc3 O-O 6. Be2 d5 7. cxd5 Nxd5 8. O-O Nc6 9. Qb3 e6 10. Nxd5 exd5 11. dxc5 Qa5 12. Bd2 Qxc5 13. Rac1 Qd6 14. Bc3 Bxc3 15. Qxc3 Be6 16. Rfd1 Rfc8 17. Qf6 Qd8 18. Qxd8+ Rxd8 19. Nd4 Rac8 20. Nxc6 Rxc6 21. Bb5 Rb6 22. a4 a6 23. Bd3 Rxb2 24. Rb1 Rxb1 25. Rxb1 Rd7 26. Kf1 Kf8 27. Ke2 Ke7 28. Kd2 Kd6 29. Kc3 Kc5 30. a5 Rc7 31. Rb4 Bc8 32. f4 Kd6+ 33. Kd4 Rc5 34. Rb6+ Rc6 35. Rb4 Rc5 36. Rb6+ Rc6 37. Rb4 Rc5 1/2-1/2


[Site "https://www.chess.com"]

[Event "Titled Tuesday Blitz October 25 Late 2022"]
[White "Ballester Llagaria, Luis Eduardo"]
[Black "Baskakov, Egor"]
[WhiteFideId "2297620"]
[BlackFideId "24197866"]
[WhiteElo "2344"]
[BlackElo "2211"]
[Result "0-1"]
[Round "07"]
[TimeControl "180+1"]
[Date "2022.10.26"]
[WhiteClock "0:00:11"]
[BlackClock "0:01:29"]

1. e4 c5 2. Nc3 Nc6 3. Bb5 g6 4. Bxc6 dxc6 5. f4 Bg7 6. Nf3 Bg4 7. O-O e5 8. d3 exf4 9. Bxf4 h6 10. h3 Be6 11. Qd2 Ne7 12. Kh1 g5 13. Be5 f6 14. Bh2 O-O 15. Ne2 Ng6 16. Qe3 b6 17. g4 Qd7 18. Ng3 Rae8 19. Rae1 Nf4 20. Nf5 Nxh3 21. Kg2 h5 22. Nxg7 Qxg7 23. Kxh3 hxg4+ 24. Kg2 gxf3+ 25. Qxf3 f5 26. exf5 Bd5 27. Re4 Bxe4 28. dxe4 Qxb2 29. e5 Rxe5 30. Bxe5 Qxe5 31. f6 Qe6 32. Qh5 Rxf6 33. Rxf6 Qxf6 34. Qe8+ Kg7 35. Qd7+ Qf7 36. Qxc6 Qxa2 37. Qc7+ Qf7 38. Qe5+ Kg6 39. Qe4+ Qf5 40. Qc6+ Kg7 41. c4 Qg4+ 42. Kh2 Qf4+ 43. Kh3 Qh4+ 44. Kg2 Qxc4 45. Qd7+ Qf7 46. Qc6 g4 47. Kh2 Qf2+ 48. Kh1 Qf3+ 0-1


[Site "https://www.chess.com"]

[Event "Titled Tuesday Blitz October 25 Late 2022"]
[White "Banusz, Tamas"]
[Black "Milikow, Yoav"]
[WhiteFideId "722413"]
[BlackFideId "2822237"]
[WhiteElo "2602"]
[BlackElo "2341"]
[Result "0-1"]
[Round "07"]
[TimeControl "180+1"]
[Date "2022.10.26"]
[WhiteClock "0:00:03"]
[BlackClock "0:00:09"]

1. Nf3 d5 2. b3 c5 3. e3 a6 4. Bb2 Nc6 5. g3 Qc7 6. Bg2 e5 7. O-O Bg4 8. h3 Bh5 9. g4 Bg6 10. d4 e4 11. Ne5 O-O-O 12. Nxc6 Qxc6 13. Nc3 cxd4 14. Qxd4 h5 15. g5 Ne7 16. Ne2 Nf5 17. Qc3 Bd6 18. Nd4 Qxc3 19. Bxc3 Nh4 20. Ne2 Rhg8 21. Rfd1 Nf3+ 22. Kh1 Bc7 23. Nf4 Bxf4 24. exf4 d4 25. Bb2 Bf5 26. Bxf3 exf3 27. Kh2 Bxc2 28. Rxd4 Rxd4 29. Bxd4 Be4 30. Re1 Bd5 31. Re7 g6 32. Be5 Kd8 33. Rc7 Re8 34. Rc3 Bc6 35. a4 Ke7 36. b4 Rc8 37. b5 axb5 38. axb5 Bd7 39. Rb3 Rc2 40. Kg3 h4+ 41. Kxf3 Bxh3 42. Ra3 Rc5 43. b6 Rb5 44. Bd4 Bd7 45. Be3 Kd6 46. Rd3+ Kc6 47. Rd2 Bf5 48. Rd8 h3 49. Rf8 Be6 50. Kg3 Rb1 51. f3 Rb3 52. Bf2 Bd5 53. Kxh3 Rxf3+ 54. Kg2 Rxf4+ 55. Kf1 Rf5 56. Rc8+ Kb5 57. Rc5+ Kb4 58. Rc7 Rxg5 59. Ke2 Rf5 60. Be3 Kb5 61. Rc5+ Ka6 62. Rc7 Bc6 63. Re7 g5 64. Bf2 f6 65. Rg7 Re5+ 66. Kd2 Re6 67. Bd4 Rd6 68. Kc3 Be4 69. Re7 Rc6+ 70. Kb4 f5 71. Bc5 Rh6 72. Rd7 Rh1 73. Rd2 Rb1+ 74. Kc4 Ra1 75. Bd4 Ra4+ 76. Kc5 Bc6 77. Re2 Bb5 78. Re7 Rc4+ 79. Kd5 Rc8 80. Bc5 Rd8+ 81. Ke5 Bc6 82. Bd6 f4 83. Rg7 f3 84. Rxg5 Re8+ 85. Kd4 Kxb6 86. Bc5+ Ka6 87. Rf5 b6 88. Bd6 Rd8 89. Ke5 Re8+ 90. Kd4 Re2 91. Bg3 Rg2 92. Be1 Rc2 93. Rf6 Kb7 94. Rf7+ Ka6 95. Rf6 Bb7 96. Kd3 Re2 97. Bg3 Be4+ 98. Kd4 Kb5 99. Bc7 Bc6 100. Bg3 Re4+ 101. Kd3 Rg4 102. Rf5+ Ka6 103. Bf2 Be4+ 0-1


[Site "https://www.chess.com"]

[Event "Titled Tuesday Blitz October 25 Late 2022"]
[White "Bernat, David"]
[Black "Osmak, Yuliia"]
[WhiteFideId "2099225"]
[BlackFideId "14101602"]
[WhiteElo "2321"]
[BlackElo "2328"]
[Result "1-0"]
[Round "07"]
[TimeControl "180+1"]
[Date "2022.10.26"]
[WhiteClock "0:00:15"]
[BlackClock "0:00:01"]

1. c4 c5 2. Nc3 Nc6 3. g3 g6 4. Bg2 Bg7 5. e4 d6 6. Nge2 Nf6 7. O-O O-O 8. d3 Ne8 9. Be3 Nc7 10. d4 cxd4 11. Nxd4 Ne6 12. Nde2 Nc5 13. Rb1 a5 14. a3 a4 15. Qc2 f5 16. Rfd1 Nxe4 17. Nxe4 fxe4 18. c5 Bg4 19. Bxe4 Ne5 20. Bxb7 Nf3+ 21. Kg2 Rb8 22. c6 Rxb7 23. Qc4+ Kh8 24. Qxg4 Rb5 25. Nd4 Bxd4 26. Bxd4+ e5 27. Bc3 Qc7 28. Qd7 Qb6 29. Qxd6 Nh4+ 30. Kh3 Qxf2 31. Bxe5+ Rxe5 32. Qxe5+ Kg8 33. Qd5+ Kh8 34. Qd4+ Qxd4 35. Rxd4 1-0


[Site "https://www.chess.com"]

[Event "Titled Tuesday Blitz October 25 Late 2022"]
[White "Bilan, Danila"]
[Black "Aguilar, Juan"]
[WhiteFideId "24161918"]
[BlackFideId "3800091"]
[WhiteElo "2203"]
[BlackElo "2427"]
[Result "1-0"]
[Round "07"]
[TimeControl "180+1"]
[Date "2022.10.26"]
[WhiteClock "0:00:05"]
[BlackClock "0:00:01"]

1. d4 Nf6 2. Nf3 g6 3. Bg5 Bg7 4. Nbd2 O-O 5. e4 d5 6. Bd3 c5 7. e5 Nfd7 8. c3 f6 9. exf6 exf6 10. Be3 Nc6 11. O-O c4 12. Bc2 b5 13. Re1 Nb6 14. Bf4 a5 15. Nf1 b4 16. h4 a4 17. a3 b3 18. Bb1 Re8 19. h5 Rxe1 20. Nxe1 Ne7 21. Ng3 g5 22. Bd2 Bd7 23. Nf3 Bg4 24. Qe1 Qd7 25. Nh2 Be6 26. Qe2 Re8 27. h6 Bh8 28. Qf3 Nbc8 29. Nh5 Rf8 30. g4 Nd6 31. Ng3 Ng6 32. Nf5 Bxf5 33. Bxf5 Nxf5 34. gxf5 Ne7 35. Re1 Nxf5 36. Qg4 Qc8 37. Qf3 Rd8 38. Ng4 Nd6 39. Re7 1-0


[Site "https://www.chess.com"]

[Event "Titled Tuesday Blitz October 25 Late 2022"]
[White "Bogaudinov, Rushan"]
[Black "Abdyzhapar, Asylbek"]
[WhiteFideId "4129288"]
[BlackFideId "13800337"]
[WhiteElo "1945"]
[BlackElo "2323"]
[Result "0-1"]
[Round "07"]
[TimeControl "180+1"]
[Date "2022.10.26"]
[WhiteClock "0:00:10"]
[BlackClock "0:00:22"]

1. e4 c6 2. d4 d5 3. e5 Bf5 4. c4 e6 5. Nc3 Ne7 6. a3 dxc4 7. Bxc4 Nd5 8. Nge2 Be7 9. Ng3 Bg6 10. O-O O-O 11. f4 Re8 12. Qf3 Nb6 13. Bb3 Qxd4+ 14. Be3 Qd7 15. Rad1 Qc8 16. f5 exf5 17. Nxf5 Bf8 18. Nd6 Bxd6 19. exd6 Qd7 20. h4 h5 21. Qg3 Kh7 22. Bd4 Rg8 23. Ne2 Nd5 24. Qe5 Qg4 25. Bxd5 cxd5 26. Nf4 Nc6 27. Qxd5 Rad8 28. Nxg6 fxg6 29. Bc3 Rd7 30. b4 a6 31. Bd4 Qxh4 32. Bc5 Qg4 33. Rde1 Rgd8 34. Re4 Rxd6 35. Bxd6 Rxd6 36. Rxg4 Rxd5 37. Rg3 Ne7 38. Rc3 Nf5 39. Rc7 b5 40. Rc6 h4 41. Rxa6 Kh6 42. Rf3 Kg5 43. Ra5 Kg4 44. a4 Rd1+ 45. Kf2 Rd2+ 46. Ke1 Rxg2 47. Rxf5 gxf5 48. Rxb5 h3 49. Rb7 g5 50. Rh7 h2 51. Kf1 Rg1+ 52. Kf2 h1=Q 53. Rxh1 Rxh1 54. a5 Ra1 55. Ke3 f4+ 56. Kd3 f3 57. Kc3 f2 58. Kb2 f1=Q 0-1


[Site "https://www.chess.com"]

[Event "Titled Tuesday Blitz October 25 Late 2022"]
[White "Boruchovsky, Avital"]
[Black "Caruana, Fabiano"]
[WhiteFideId "2800055"]
[BlackFideId "2020009"]
[WhiteElo "2466"]
[BlackElo "2847"]
[Result "0-1"]
[Round "07"]
[TimeControl "180+1"]
[Date "2022.10.26"]
[WhiteClock "0:00:10"]
[BlackClock "0:00:11"]

1. e4 e5 2. Nf3 Nc6 3. Bb5 a6 4. Ba4 Nge7 5. c3 d6 6. O-O Bd7 7. d4 Ng6 8. Be3 Be7 9. Nbd2 O-O 10. h3 Bf6 11. Re1 b5 12. Bc2 h6 13. Nf1 Nh4 14. Nxh4 Bxh4 15. a4 Qf6 16. Bb3 Bg5 17. Bxg5 hxg5 18. Ne3 Ne7 19. axb5 axb5 20. Qd2 Be6 21. Bc2 c6 22. d5 cxd5 23. exd5 Bd7 24. c4 bxc4 25. Nxc4 Bb5 26. Ne3 g6 27. Rxa8 Rxa8 28. Qb4 Bd7 29. Qb7 Rd8 30. b4 Bf5 31. Bxf5 Nxf5 32. b5 Qe7 33. Qa6 Nd4 34. b6 Rb8 35. Rb1 Kg7 36. b7 Qc7 37. Nc4 Ne2+ 38. Kf1 Nc3 39. Rb3 Ne4 40. Rb4 Qc5 41. Rb2 Qd4 42. Kg1 Qxd5 43. Ne3 Qd4 44. Qb6 Nc5 45. Kh2 Rxb7 46. Qxb7 Nxb7 47. Rxb7 d5 48. Ng4 Qf4+ 49. g3 Qf5 50. Re7 e4 51. Kg1 d4 52. Ne5 d3 53. g4 Qf6 54. Rxf7+ Qxf7 55. Nxf7 Kxf7 56. Kf1 Kf6 57. Ke1 Ke5 58. Kd2 Kf4 59. Kc3 Kf3 60. Kd4 d2 0-1


[Site "https://www.chess.com"]

[Event "Titled Tuesday Blitz October 25 Late 2022"]
[White "Boskovic, Drasko"]
[Black "Baglan, Esat"]
[WhiteFideId "927368"]
[BlackFideId "6309216"]
[WhiteElo "2388"]
[BlackElo "2231"]
[Result "1-0"]
[Round "07"]
[TimeControl "180+1"]
[Date "2022.10.26"]
[WhiteClock "0:00:09"]
[BlackClock "0:00:17"]

1. e4 c5 2. Nf3 d6 3. Bb5+ Nd7 4. O-O a6 5. Bd3 Ngf6 6. Re1 b5 7. c4 b4 8. Bc2 e5 9. a3 Rb8 10. axb4 cxb4 11. d4 Be7 12. c5 Qc7 13. cxd6 Bxd6 14. dxe5 Nxe5 15. Ba4+ Bd7 16. h3 a5 17. Bxd7+ Nfxd7 18. Nxe5 Bxe5 19. Nd2 O-O 20. Nf3 Bd6 21. Qd5 Nc5 22. e5 Be7 23. Bg5 Rfd8 24. Qc4 Qd7 25. Bxe7 Qxe7 26. Rxa5 Nd3 27. Re2 Rbc8 28. Qg4 h5 29. Qf5 g6 30. Qe4 Rc1+ 31. Kh2 Nc5 32. Qxb4 Rdd1 33. Ra8+ Kh7 34. Qf4 Ne6 35. Qf6 Qxf6 36. exf6 g5 37. Rxe6 fxe6 38. Nxg5+ Kg6 39. f7 h4 40. g3 Rh1+ 41. Kg2 Rcg1+ 42. Kf3 hxg3 43. f8=Q gxf2 44. Qg8+ Kf5 45. Rf8+ Ke5 46. Qxe6+ Kd4 47. Rd8+ Kc5 48. Qd5+ Kb4 49. Rb8+ Ka4 50. Qb3+ Ka5 51. Qb5# 1-0


[Site "https://www.chess.com"]